 Dungeon Crawl Stone Soup version 0.19.1 (webtiles) character file.

1516 KingCrawl the Destroyer (level 8, -1/52 HPs)
             Began as a Demonspawn Conjurer on Dec 27, 2016.
             Was a Believer of Sif Muna.
             Slain by an ice beast (15 damage)
             ... on level 5 of the Dungeon on Dec 28, 2016.
             The game lasted 00:33:32 (5871 turns).

KingCrawl the Destroyer (Demonspawn Conjurer)       Turns: 5871, Time: 00:33:33

Health: -1/52      AC:  2    Str:  8    XL:     8   Next: 53%
Magic:  5/21       EV: 12    Int: 19    God:    Sif Muna [**....]
Gold:   277        SH:  6    Dex: 14    Spells: 3 memorised, 3 levels left

rFire  + . .     SeeInvis .     y - -1 hand axe (curse)
rCold  x . .     Gourm    .     a - +0 robe
rNeg   . . .     Faith    .     (no shield)
rPois  .         Spirit   .     (helmet restricted)
rElec  .         Reflect  .     (no cloak)
rCorr  .         Harm     .     (no gloves)
MR     .....                    (no boots)
Stlth  +++.......               q - amulet of rage
                                l - ring of magical power (curse)
                                v - ring of fire

@: exhausted, slowed, divine energy, very slow
A: horns 1, large bone plates 2, nightstalker 1
a: Stop Divine Energy, Renounce Religion, Evoke Berserk Rage


You were on level 5 of the Dungeon.
You worshipped Sif Muna.
Sif Muna was pleased with you.
You were hungry.

You visited 2 branches of the dungeon, and saw 6 of its levels.

You collected 277 gold pieces.

Inventory:

Hand Weapons
 d - a +0 dagger
 o - a +0 whip of flaming
 y - a cursed -1 hand axe (weapon)
Armour
 a - a +0 robe (worn)
Jewellery
 e - an uncursed ring of protection from cold
 h - an uncursed amulet of harm
 l - a cursed ring of magical power (right hand)
 p - an uncursed ring of poison resistance
 q - an amulet of rage (around neck)
 v - a ring of fire (left hand)
Scrolls
 f - 2 scrolls of teleportation {unknown}
 g - 3 scrolls of identify
 j - a scroll of amnesia {unknown}
 k - a scroll of enchant weapon {unknown}
 s - a scroll of magic mapping {unknown}
 z - a scroll of remove curse {unknown}
Potions
 i - a potion of curing
 m - a potion of brilliance {unknown}
 n - a potion of lignification
 t - a potion of flight
Books
 b - a book of Conjurations

   Spells                             Type                      Level
   a - Magic Dart                     Conjuration                  1
   b - Searing Ray                    Conjuration                  2
   c - Dazzling Spray                 Conjuration/Hexes            3
   d - Fulminant Prism                Conjuration/Hexes            4
   e - Iskenderun's Mystic Blast      Conjuration                  4
   f - Iskenderun's Battlesphere      Conjuration/Charms           5
Comestibles
 c - 3 bread rations


   Skills:
 - Level 1.7 Dodging
 - Level 1.7 Stealth
 - Level 3.2 Spellcasting
 + Level 11.0 Conjurations


You had 3 spell levels left.
You knew the following spells:

 Your Spells              Type           Power        Failure   Level  Hunger
a - Magic Dart            Conj           ####         1%          1    None
b - Iskenderun's Mystic   Conj           #####...     1%          4    ####...
c - Iskenderun's Battles  Conj/Chrm      ###.....     50%         5    ######.


Dungeon Overview and Level Annotations

Branches:
Dungeon (5/15)             Temple (1/1) D:4

Altars:
Ashenzari
Cheibriados
Elyvilon
Fedhas
Gozag
Kikubaaqudgha
Nemelex Xobeh
Okawaru
Qazlal
Ru
Sif Muna
Trog
Uskayaw
Vehumet
Yredelemnul
Zin
The Shining One

Annotations:
D:5 dvd's ghost, novice HEAE


Innate Abilities, Weirdness & Mutations

You have a pair of small horns on your head.
You are mostly covered in large bone plates. (SH +6)
You are slightly more attuned to the shadows.


Message History

Butcher a jackal corpse? [(y)es/(c)hoosy/(n)o/(a)ll/(e)dible/(q)uit/?]
You butcher the jackal corpse. x2
Eat a chunk of flesh? (ye/n/q)
You start eating the chunk of flesh.
This raw flesh tastes terrible.
You are feeling very hungry.
Eat a chunk of flesh? (ye/n/q)
You start eating the chunk of flesh.
This raw flesh tastes terrible.
You are feeling hungry.
Okay, then.
You see here a jackal skeleton.
You swap places.
You swap places.
You see here a robe.
An ice beast comes into view.
The ice beast hits you.
* * * LOW HITPOINT WARNING * * *
The ice beast freezes you!
You feel a terrible chill!
You die...

#.......#...#
#.
#.......#...#
#.
####.####...#
#. #รท# #####
## #.# #[#
#.# #.# #@#
#Y# #[# #.#
#.# ... .....
#.....#
##..###


You could see an ice beast.

Vanquished Creatures
  Pikel (D:5)
  The ghost of Mefis the Magician, a novice DEWz (D:4)
  2 slaves (D:5)
  An ogre (D:4)
  2 centaurs
  2 howler monkeys
  2 hounds
  A jelly (D:5)
  A bullfrog skeleton (D:4)
  Jessica (D:3)
  Natasha (D:3)
  2 iguanas (D:5)
  2 orc wizards (D:4)
  3 worker ants
  4 adders
  An ooze (D:4)
  An adder skeleton (D:4)
  An adder zombie (D:5)
  A worm (D:5)
  3 dart slugs
  A leopard gecko (D:3)
  15 orcs
  2 giant cockroaches
  7 goblins
  8 hobgoblins
  7 jackals
  7 kobolds
  3 quokkas
  4 bats
  4 frilled lizards
  A jackal skeleton (D:4)
  A quokka zombie (D:5)
  6 rats
99 creatures vanquished.

Notes
Turn   | Place    | Note
-------+----------+-------------------------------------------
     0 | D:1      | KingCrawl the Demonspawn Conjurer began the quest for the Orb.
     0 | D:1      | Reached XP level 1. HP: 13/13 MP: 3/3
    54 | D:1      | Found a glowing golden altar of the Shining One.
   735 | D:1      | Gained mutation: You are slightly more attuned to the shadows. [demonic ancestry]
   735 | D:1      | Reached XP level 2. HP: 19/19 MP: 2/5
  1058 | D:2      | Found an iron altar of Okawaru.
  1373 | D:2      | Gained mutation: You are partially covered in large bone plates. (SH +4) [demonic ancestry]
  1373 | D:2      | Reached XP level 3. HP: 20/24 MP: 2/7
  1525 | D:2      | Found a faded altar of an unknown god.
  2003 | D:3      | Noticed Jessica
  2005 | D:3      | Killed Jessica
  2005 | D:3      | Reached skill level 5 in Conjurations
  2005 | D:3      | Reached XP level 4. HP: 30/30 MP: 8/8
  2316 | D:3      | Noticed Natasha
  2329 | D:3      | Killed Natasha
  2329 | D:3      | Gained mutation: You are mostly covered in large bone plates. (SH +6) [demonic ancestry]
  2329 | D:3      | Reached XP level 5. HP: 12/35 MP: 4/9
  2488 | D:3      | Learned a level 4 spell: Iskenderun's Mystic Blast
  2920 | D:4      | Reached skill level 6 in Conjurations
  3190 | D:4      | Found a staircase to the Ecumenical Temple.
  3203 | Temple   | Entered the Ecumenical Temple
  3460 | Temple   | Became a worshipper of Sif Muna the Loreminder
  3833 | D:4      | Noticed Mefis's ghost (novice DEWz)
  3848 | D:4      | Reached XP level 6. HP: 27/41 MP: 3/10
  3858 | D:4      | Killed Mefis's ghost
  3858 | D:4      | Reached skill level 7 in Conjurations
  3882 | D:5      | Entered Level 5 of the Dungeon
  3994 | D:5      | Reached * piety under Sif Muna
  3994 | D:5      | Reached skill level 8 in Conjurations
  3994 | D:5      | Gained mutation: You have a pair of small horns on your head. [demonic ancestry]
  3994 | D:5      | Reached XP level 7. HP: 13/46 MP: 3/11
  4195 | D:4      | Found a sparkling altar of Nemelex Xobeh.
  4201 | D:4      | Found a bloodstained altar of Trog.
  4671 | D:5      | Reached skill level 9 in Conjurations
  4701 | D:5      | Noticed dvd's ghost (novice HEAE)
  5147 | D:4      | Learned a level 5 spell: Iskenderun's Battlesphere
  5649 | D:5      | Reached XP level 8. HP: 28/52 MP: 3/12
  5830 | D:5      | Noticed Pikel
  5855 | D:5      | Killed Pikel
  5855 | D:5      | Reached ** piety under Sif Muna
  5855 | D:5      | Reached skill level 11 in Conjurations
  5871 | D:5      | Slain by an ice beast

Skill      XL: |  1  2  3  4  5  6  7  8 |
---------------+-------------------------+-----
Spellcasting   | 3 |  3.2
Conjurations   | 5 6 8 9 11 | 11.0
Dodging        | |  1.7
Stealth        | |  1.7

Action                   |  1- 3 |  4- 6 |  7- 9 || total
-------------------------+-------+-------+-------++-------
Melee: Unarmed           |     4 |       |       ||     4
       Falchion          |     8 |       |       ||     8
       Dagger            |     4 |     6 |       ||    10
       Hand axe          |       |    13 |    38 ||    51
       Headbutt          |       |       |     5 ||     5
 Cast: Magic Dart        |    79 |    90 |    94 ||   263
       Iskenderun's Myst |       |    13 |    22 ||    35
Invok: Divine Energy     |       |       |     1 ||     1
 Abil: Evoke Berserk Rag |       |       |     3 ||     3
  Use: Potion            |     2 |     4 |     1 ||     7
       Scroll            |       |     5 |       ||     5
  Eat: Chunk             |     3 |    11 |     7 ||    21
       Meat ration       |       |       |     1 ||     1
       Pizza             |       |       |     1 ||     1
Armor: Robe              |     6 |     7 |     4 ||    17
Dodge: Dodged            |    18 |    20 |    55 ||    93
Block: Other             |     2 |    10 |    30 ||    42
       Rpst.: Falchion   |     2 |       |       ||     2
